 Dungeon Crawl Stone Soup version 0.29-a0-96-g93358da72b (webtiles) character file.

Game seed: 12108629392041943599

18 lunkers the Insei (level 2, -1/21 HPs)
             Began as a Merfolk Transmuter on Feb 10, 2022.
             Killed from afar by a dart slug (5 damage)
             ... with a slug dart
             ... on level 1 of the Dungeon.
             The game lasted 00:00:54 (910 turns).

lunkers the Insei (Merfolk Transmuter)               Turns: 910, Time: 00:00:54

Health: -1/21      AC:  2    Str: 10    XL:     2   Next: 66%
Magic:  5/5        EV: 12    Int: 12    God:
Gold:   37         SH:  0    Dex: 14    Spells: 2/5 levels left

rFire   . . .      SeeInvis .     - Unarmed
rCold   . . .      Faith    .   (no shield)
rNeg    . . .      Spirit   .   a - +0 robe
rPois   .          Reflect  .   (helmet currently unavailable)
rElec   .          Harm     .   (no cloak)
rCorr   .          Rampage  .   (no gloves)
Will    .....                   (boots currently unavailable)
Stlth   +.........              (no amulet)
HPRegen 0.07/turn               (no ring)
MPRegen 0.09/turn               (no ring)

@: appendages (expiring)
A: horns 2, (nimble swimmer 2), mertail
a: End Transformation


You were on level 1 of the Dungeon.
You had temporarily grown beastly horns.
You visited 1 branch of the dungeon, and saw 1 of its levels.

You collected 37 gold pieces.

Inventory:

Armour
 a - a +0 robe (worn)
Potions
 b - a potion of berserk rage {unknown}
 c - a potion of invisibility {unknown}
 d - a potion of mutation {unknown}
 e - a potion of curing {unknown}


   Skills:
 - Level 1.1 Fighting
 - Level 2.6 Dodging
 * Level 4.0 Unarmed Combat
 - Level 2.0 Spellcasting
 + Level 3.2 Transmutations


You had 2 spell levels left.
You knew the following spells:

 Your Spells              Type           Power      Damage    Failure   Level
b - Wereblood             Tmut           9%         N/A       11%         2
p - Beastly Appendage     Tmut           18%        N/A       7%          1

Your spell library contained the following spells:

 Spells                   Type           Power      Damage    Failure   Level
 Spider Form              Tmut/Pois      5%         N/A       38%         3
 Ignite Poison            Fire/Tmut/Pois 3%         N/A       47%         3
 Mephitic Cloud           Conj/Pois/Air  1%         N/A       63%         3
 Ice Form                 Ice/Tmut       5%         N/A       80%         4
 Freezing Cloud           Conj/Ice/Air   0%         6-21      100%        5


Dungeon Overview and Level Annotations

Branches:
Dungeon (1/15)

Altars:


Innate Abilities, Weirdness & Mutations

You have temporarily grown beastly horns.
((You are very nimble when in or above water. (Stealth+, EV+, Speed+++)))
Your lower body shifts to a powerful aquatic tail in water.


Message History

You hit the giant cockroach.
The giant cockroach is almost dead.
The giant cockroach closely misses you.
You hit the giant cockroach.
You kill the giant cockroach!
The dart slug launches a dart at you. The slug dart hits you.
You hit the ball python.
The ball python is severely wounded.
The ball python bites you. The ball python grabs you.
The ball python constricts you.
You hit the ball python but do no damage.
The ball python is severely wounded.
The ball python closely misses you. The ball python constricts you.
The dart slug launches a dart at you. The slug dart hits you.
* * * LOW HITPOINT WARNING * * *
The ball python bites you.
* * * LOW HITPOINT WARNING * * *
The ball python constricts you.
You are too injured to fight recklessly!
You are too injured to fight recklessly!
You hit the ball python.
You kill the ball python!
Your transformation is almost over.
Found a robe.
Things that are here:
a ball python corpse; a giant cockroach corpse The dart slug launches a dart at you.
The slug dart hits you.
* * * LOW HITPOINT WARNING * * *
You hit the dart slug but do no damage. The dart slug bites you.
* * * LOW HITPOINT WARNING * * *
You hit the dart slug.
The dart slug is lightly wounded.
You hit the dart slug.
The dart slug is heavily wounded.
The dart slug launches a dart at you. The slug dart hits you.
You die...

#.##.##.# #.##. ###.
#.##..# ##### ...
##.....##P≈≈≈≈≈≈≈≈
♣.##..###....P≈≈≈≈≈≈≈
♣.P#..#[# ....P≈≈≈≈≈P
♣♣.†.##.##.....P≈≈≈P.
..♣♣P...#...#......P≈P..
#.P.....†# .......P...
#.#.###@#...#...........
...##..w##.##.......<...
#.# #.#.. .# .#.........
#. #.#... . #...).P... #
#..###. #....P≈P.. #...
..#...P≈≈≈P. #..#
....P≈≈≈≈≈P ..##
.>.P≈≈≈≈≈≈≈ ..P≈≈≈≈≈≈≈≈


You could see a dart slug.

Vanquished Creatures
  A dart slug (D:1)
  2 ball pythons (D:1)
  An endoplasm (D:1)
  2 giant cockroaches (D:1)
  2 hobgoblins (D:1)
  A quokka (D:1)
  4 bats (D:1)
  A frilled lizard (D:1)
  A rat (D:1)
15 creatures vanquished.

Notes
Turn   | Place    | Note
-------+----------+-------------------------------------------
     0 | D:1      | lunkers the Merfolk Transmuter began the quest for the Orb.
     0 | D:1      | Reached XP level 1. HP: 15/15 MP: 3/3
   441 | D:1      | Reached XP level 2. HP: 16/21 MP: 3/5
   533 | D:1      | Learned a level 2 spell: Wereblood
   895 | D:1      | Reached skill level 4 in Unarmed Combat
   910 | D:1      | Killed from afar by a dart slug

Illustrated notes

Levels and vault maps discovered:
D:1:      eino_arrival_druids_welcome, layout_loops_ring, serial_forest,
          infiniplex_forest_side_room, infiniplex_forest_straight_2,
          infiniplex_forest_lined_corner, infiniplex_forest_corner_2,
          infiniplex_forest_clump_small, infiniplex_forest_zigzag_1,
          shapermc_ecumenical_altar_hornbeckon, minmay_ruptured

Skill      XL: |  1  2 |
---------------+-------+-----
Transmutations | 3 |  3.2
Unarmed Combat | 4 |  4.0
Fighting       | |  1.1
Dodging        | |  2.6
Spellcasting   | |  2.0

Action                   || total
-------------------------++-------
Melee: Unarmed           ||    55
       Headbutt          ||     2
       Punch             ||     1
 Cast: Beastly Appendage ||    11
Armor: Robe              ||    14
Dodge: Dodged            ||    34

Table legend: (Time is in decaauts)
 A = Elapsed time spent in this place.
 B = Non-inter-level travel time spent in this place.
 C = Inter-level travel time spent in this place.
 D = Time resting spent in this place.
 E = Time spent auto-exploring this place.
 F = Levels seen in this place.
 G = Mean time per level.
                   A        B        C        D        E       F      G
               +--------+--------+--------+--------+--------+-----+--------+
         Total |    906 |    906 |      0 |      0 |    798 |   1 |  906.0 |
       Dungeon |    906 |    906 |      0 |      0 |    798 |   1 |  906.0 |
               +--------+--------+--------+--------+--------+-----+--------+

Top non-repeatable levels by time:
     D:1: 906 daAuts
